 Dungeon Crawl Stone Soup version 0.22-a0-247-gbddf880 (webtiles) character file.

58 Amnesiac the Charlatan (level 3, 0/21 HPs)
             Began as a Deep Elf Artificer on Feb 24, 2018.
             Succumbed to an adder's poison
             ... on level 3 of the Dungeon.
             The game lasted 00:02:35 (1000 turns).

Amnesiac the Charlatan (Deep Elf Artificer)         Turns: 1000, Time: 00:02:36

Health: 0/21       AC:  4    Str: 10    XL:     3   Next: 76%
Magic:  7/8        EV: 12    Int: 15    God:
Gold:   76         SH:  0    Dex: 15    Spells: 2/2 levels left

rFire    . . .     SeeInvis .   b - +0 hunting sling
rCold    . . .     Gourm    .   (no shield)
rNeg     . . .     Faith    .   j - +0 leather armour
rPois    .         Spirit   .   (no helmet)
rElec    .         Reflect  .   (no cloak)
rCorr    .         Harm     .   h - +0 pair of gloves
MR       .....                  (no boots)
Stlth    ++........             (no amulet)
HPRegen  0.07/turn              (no ring)
MPRegen  0.11/turn              (no ring)

@: lethally poisoned (0 -> -8)
A: no striking features
a: no special abilities


You were on level 3 of the Dungeon.
You were not hungry.

You visited 1 branch of the dungeon, and saw 3 of its levels.

You collected 76 gold pieces.

Inventory:

Hand Weapons
 a - a +0 short sword
 b - a +0 hunting sling (weapon)
Missiles
 i - 10 poisoned needles
 k - 5 stones (quivered)
Armour
 h - a +0 pair of gloves (worn)
 j - a +0 leather armour (worn)
 n - a +0 helmet
Wands
 c - a wand of flame (6)
 d - a wand of enslavement (15)
 e - a wand of random effects (15)
Scrolls
 g - a scroll of teleportation {!r, unknown}
 l - a scroll of noise {!r, unknown}
Comestibles
 f - a ration


   Skills:
 + Level 1.6 Fighting
 - Level 2.0 Short Blades
 - Level 2.4 Dodging
 - Level 2.0 Stealth
 * Level 4.0 Evocations


You had 2 spell levels left.
You didn't know any spells.

Dungeon Overview and Level Annotations

Branches:
Dungeon (3/15)

Altars:
Vehumet


Message History

The adder is almost dead.
You feel sick. The adder bites you.
You are more poisoned.
The adder poisons you! The adder closely misses you.
Firing (i - inventory)
k - 9 stones (quivered)
Press: ? - help, Shift-Dir - straight line, f/p - adder
Aim: an adder (almost dead)
You shoot a stone. The stone closely misses the adder.
You feel sick. The adder bites you.
You are lethally poisoned!
The adder poisons you!
Firing (i - inventory)
k - 8 stones (quivered)
Press: ? - help, Shift-Dir - straight line, f/p - adder
Aim: an adder (almost dead)
You shoot a stone. The stone barely misses the adder.
You feel sick. The adder barely misses you. The adder closely misses you.
Firing (i - inventory)
k - 7 stones (quivered)
Press: ? - help, Shift-Dir - straight line, f/p - adder
Aim: an adder (almost dead)
You shoot a stone.
The stone hits the adder but does no damage.
The adder is almost dead.
* * * LOW HITPOINT WARNING * * *
You feel sick. The adder misses you. The adder closely misses you.
Firing (i - inventory)
k - 6 stones (quivered)
Press: ? - help, Shift-Dir - straight line, f/p - adder
Aim: an adder (almost dead)
You shoot a stone. The stone misses the adder.
* * * LOW HITPOINT WARNING * * *
You feel sick. The adder closely misses you.
Evoke which item? (* to show all) (? for menu, Esc to quit)
Aiming: Throw Flame
Press: ? - help, Shift-Dir - straight line, f/p - adder
Aim: an adder (almost dead)
The puff of flame misses the adder.
* * * LOW HITPOINT WARNING * * *
You feel sick. The adder closely misses you. The adder barely misses you.
Evoke which item? (* to show all) (? for menu, Esc to quit)
Aiming: Throw Flame
Press: ? - help, Shift-Dir - straight line, f/p - adder
Aim: an adder (almost dead)
The puff of flame misses the adder.
The adder bites you.
* * * LOW HITPOINT WARNING * * *
You are more poisoned.
The adder poisons you!
Evoke which item? (* to show all) (? for menu, Esc to quit)
Aiming: Throw Flame
Press: ? - help, Shift-Dir - straight line, f/p - adder
Aim: an adder (almost dead)
The puff of flame hits the adder.
You kill the adder!
Your Evocations skill increases to level 4!
* * * LOW HITPOINT WARNING * * *
You feel sick.
You aren't carrying any potions.
Okay, then.
* * * LOW HITPOINT WARNING * * *
You feel sick.
* * * LOW HITPOINT WARNING * * *
You feel sick.
Found a stone staircase leading down.
A kobold comes into view. It is wielding a short sword.
Found a robe and a runed marble ring.
You die...

########
#......#
#########((....#
.....(.(.......#
K....$..#<.....#
.######@#.######
#.#.# #...#
...## #..= .....
..... ......


You could see a kobold (sleeping).

Vanquished Creatures
  Robin (D:2)
  2 adders
  A dart slug (D:1)
  An orc (D:2)
  A giant cockroach (D:1)
  7 goblins (D:2)
  4 hobgoblins (D:2)
  4 jackals (D:2)
  A kobold (D:2)
  2 bats
24 creatures vanquished.

Notes
Turn   | Place    | Note
-------+----------+-------------------------------------------
     0 | D:1      | Amnesiac the Deep Elf Artificer began the quest for the Orb.
     0 | D:1      | Reached XP level 1. HP: 11/11 MP: 5/5
     0 | D:1      | Noticed a spriggan
     0 | D:1      | Noticed a spriggan
     2 | D:1      | Noticed a formicid
     4 | D:1      | Noticed a minotaur
     5 | D:1      | Noticed an octopode
     6 | D:1      | Noticed a troll
    10 | D:1      | Noticed a draconian
    10 | D:1      | Noticed a dwarf
    14 | D:1      | Noticed a human
    14 | D:1      | Noticed a human
    14 | D:1      | Noticed a ghoul
    16 | D:1      | Noticed an octopode
    18 | D:1      | Noticed a vampire
    20 | D:1      | Noticed a draconian
   174 | D:1      | Reached skill level 1 in Fighting
   271 | D:2      | Found a radiant altar of Vehumet.
   368 | D:2      | Reached XP level 2. HP: 14/16 MP: 6/6
   641 | D:2      | Noticed Robin
   659 | D:2      | Killed Robin
   659 | D:2      | Reached XP level 3. HP: 14/20 MP: 7/7
   996 | D:3      | Reached skill level 4 in Evocations
   998 | D:3      | HP: 1/21 [poisoned by an adder]
  1000 | D:3      | Succumbed to an adder's poison

Vault maps used:
D:1:      shiori_arrival_whats_in_store_for_you
D:2:      lemuel_round_altar, uniq_robin
D:3:      lemuel_round_altar, lemuel_crystal_altar,
          chequers_ecumenical_altar_twisty, first_ration

Skill      XL: |  1  2  3 |
---------------+----------+-----
Fighting       | 1 |  1.6
Short Blades   | 2 |  2.0
Stealth        | 2 |  2.0
Evocations     | 4 |  4.0
Dodging        | |  2.4

Action                   || total
-------------------------++-------
Melee: Short sword       ||    41
 Fire: Hunting sling     ||    82
Evoke: Wand              ||     9
Armor: Leather armour    ||    35
Dodge: Dodged            ||    71

Table legend:
 A = Spawn XP
 B = Non-spawn XP
 C = Spawn XP percentage of total XP
 D = Spawn monster count
 E = Non-spawn monster count
 F = Spawn count percentage of total count
 G = Total turns spent on level
                    A         B        C        D         E        F      G
               +---------+---------+-------+---------+---------+-------+---------
         Total |       0 |      84 |   0.0 |       0 |      24 |   0.0 |  1000
               +---------+---------+-------+---------+---------+-------+---------
           D:1 |       0 |       7 |   0.0 |       0 |       3 |   0.0 |   293
           D:2 |       0 |      64 |   0.0 |       0 |      20 |   0.0 |   687
           D:3 |       0 |      13 |   0.0 |       0 |       1 |   0.0 |    20
               +---------+---------+-------+---------+---------+-------+---------
